 Dungeon Crawl Stone Soup version 0.31.0-11-ge490571c62 (webtiles) character file.

Game seed: 10693558138915485014

1363 browni3141 the Cleaver (level 8, -3/71 HPs)
             Began as a Minotaur Fighter on Jan 28, 2024.
             Was an Initiate of Okawaru.
             Slain by a steam dragon (9 damage)
             ... on level 6 of the Dungeon.
             The game lasted 00:02:03 (3798 turns).

browni3141 the Cleaver (Minotaur Fighter)           Turns: 3798, Time: 00:02:03

Health: -3/71      AC:  7    Str: 24    XL:     8   Next: 38%
Magic:  7/7        EV:  9    Int:  5    God:    Okawaru [......]
Gold:   266        SH:  5    Dex:  9    Spells: 7/7 levels left

rFire   . . .        a - +0 war axe
rCold   . . .        c - +0 buckler
rNeg    + . .        b - +0 scale mail
rPois   .            (helmet restricted)
rElec   .            s - scarf {repulsion}
rCorr   .            (no gloves)
SInv    .            (no boots)
Will    .....        (no amulet) Stlth
                     i - ring of positive energy
HPRegen 0.31/turn    (no ring)
MPRegen 0.10/turn

%: repel missiles
@: no status effects
A: horns 2, retaliatory headbutt
a: Renounce Religion


You were on level 6 of the Dungeon.
You worshipped Okawaru.
Okawaru was noncommittal.
You visited 2 branches of the dungeon, and saw 7 of its levels.

You collected 266 gold pieces.

Inventory:

Hand Weapons
 a - a +0 war axe (weapon)
Missiles
 t - 7 boomerangs (quivered)
Armour
 b - a +0 scale mail (worn)
 c - a +0 buckler (worn)
 s - a scarf of repulsion (worn)
Jewellery
 i - a ring of positive energy (left hand)
 x - a +6 ring of intelligence
Wands
 q - a wand of digging (9)
 r - a wand of flame (17)
Scrolls
 e - 6 scrolls of teleportation {unknown}
 f - 6 scrolls of identify {unknown}
 k - a scroll of blinking {unknown}
 l - 2 scrolls of enchant weapon {unknown}
 m - 2 scrolls of enchant armour {unknown}
 n - a scroll of noise {unknown}
 v - a scroll of immolation {unknown}
Potions
 d - 3 potions of might
 g - a potion of cancellation {unknown}
 h - a potion of berserk rage {unknown}
 j - a potion of ambrosia {unknown}
 o - 2 potions of mutation {unknown}
 p - a potion of enlightenment {unknown}
 u - a potion of curing {unknown}
 w - a potion of resistance {unknown}
 z - a potion of attraction {unknown}


   Skills:
 + Level 6.5 Fighting
 * Level 8.2 Axes
 + Level 6.5 Armour
 + Level 6.5 Shields


You had 7 spell levels left.
You didn't know any spells.
Your spell library contained the following spells:

 Spells                   Type           Power      Damage    Failure   Level
 Magic Dart               Conj           0%         1d3       80%         1
 Sandblast                Erth           0%         2d4       80%         1
 Searing Ray              Conj           0%         2d4       91%         2
 Passwall                 Erth           0%         N/A       99%         3
 Stone Arrow              Conj/Erth      0%         3d7       99%         3
 Brom's Barrelling Bould  Conj/Erth      0%         2d3       100%        4
 Fulminant Prism          Conj/Alch      0%         3d5       100%        4


Dungeon Overview and Level Annotations

Branches:
Dungeon (6/15)             Temple (1/1) D:5

Altars:
Ashenzari
Dithmenos
Elyvilon
Fedhas
Hepliaklqana
Kikubaaqudgha
Makhleb
Nemelex Xobeh
Okawaru
Qazlal
Ru
Trog
Uskayaw
Vehumet
Wu Jian
Zin

Shops:
D:2 :


Innate Abilities, Weirdness & Mutations

You have a pair of horns on your head.
You reflexively headbutt those who attack you in melee.


Message History

The hound is severely wounded.
You block the hound's attack.
The hound pauses to sniff the ground.
The hound closely misses you.
You slash the hound!
You kill the hound!
Okawaru accepts your kill.
You barely miss the bombardier beetle. The bombardier beetle bites you.
You completely miss the bombardier beetle.
You headbutt the bombardier beetle, but do no damage.
The bombardier beetle bites you but does no damage.
You barely miss the bombardier beetle. You slash the bombardier beetle!
You headbutt the bombardier beetle!
You kill the bombardier beetle!
Okawaru accepts your kill.
You see here a bombardier beetle corpse.
No target in view!
You see here a bombardier beetle corpse.
You now have 266 gold pieces (gained 19).
A steam dragon comes into view.
The steam dragon hisses angrily.
The steam dragon moves out of view.
You slash the steam dragon!
The steam dragon is moderately wounded.
You block the steam dragon's attack. The steam dragon claws you.
You closely miss the steam dragon. Your headbutt misses the steam dragon.
The steam dragon is moderately wounded.
The steam dragon bites you. You block the steam dragon's attack.
You slash the steam dragon! Your headbutt misses the steam dragon.
The steam dragon is severely wounded.
The steam dragon breathes steam at you. The ball of steam hits you!
You hear an angry hiss.
You slash the steam dragon!
You kill the steam dragon!
Okawaru accepts your kill.
You are engulfed in a cloud of scalding steam.
You are engulfed in a cloud of scalding steam.
No target in view!
A steam dragon comes into view.
A steam dragon is nearby!
A steam dragon is nearby!
A steam dragon is nearby!
The steam dragon hisses angrily.
You block the steam dragon's attack. The steam dragon claws you.
You barely miss the steam dragon. You headbutt the steam dragon.
The steam dragon is lightly wounded.
The steam dragon bites you but does no damage.
The steam dragon misses you.
You hit the steam dragon. You headbutt the steam dragon!
The steam dragon is heavily wounded.
The steam dragon bites you. The steam dragon barely misses you.
You slash the steam dragon! Your headbutt misses the steam dragon.
The steam dragon is almost dead.
The steam dragon bites you but does no damage.
The steam dragon claws you.
You closely miss the steam dragon.
The steam dragon is almost dead.
The steam dragon breathes steam at you. The ball of steam hits you!
You hear an angry hiss.
You slash the steam dragon!
You kill the steam dragon!
Okawaru accepts your kill.
The steam dragon scales are intact enough to wear.
You are engulfed in a cloud of scalding steam.
Your Axes skill increases to level 8!
Things that are here:
+0 steam dragon scales; a steam dragon corpse No target in view!
Why would you want to do that?
A steam dragon comes into view.
A steam dragon is nearby!
The steam dragon hisses angrily.
The steam dragon breathes steam at you. The ball of steam hits you!
The steam dragon breathes steam at you. The ball of steam hits you!
You closely miss the steam dragon. Your headbutt misses the steam dragon.
You are engulfed in a cloud of scalding steam.
The steam dragon bites you but does no damage.
The steam dragon barely misses you.
You slash the steam dragon!
The steam dragon is moderately wounded.
You are engulfed in a cloud of scalding steam.
The steam dragon barely misses you. You furiously retaliate!
You headbutt the steam dragon! The steam dragon barely misses you.
You barely miss the steam dragon.
The steam dragon is severely wounded.
You are engulfed in a cloud of scalding steam.
You block the steam dragon's attack.
The steam dragon claws you but does no damage.
You are too injured to fight recklessly!
You are too injured to fight recklessly!
You are too injured to fight recklessly!
You hit the steam dragon.
The steam dragon is almost dead.
The steam dragon closely misses you. You block the steam dragon's attack.
The steam dragon bites you!
You die...

#.......##..###### ###..
#..........## ###
#.......##.#≈ #.......#..#~
#.......#.##~ #.........#≈.
#.........#~.##
########..#~.D## ##..#~..@##
##...##...≈#
#..#..##..≈########
###.##.####[≈#......########
##...####....§###.##........#
###..#.#.#....≈##
#.####.......
#...##......8.≈# #.#
#........ #...####.#...§≈#
#.###........ #...#
####.§≈#####..##........


You could see a steam dragon.

Vanquished Creatures
  A wyvern (D:6)
  2 steam dragons (D:6)
  An ice beast (D:6)
  A sky beast (D:4)
  3 black bears
  A centaur (D:4)
  2 bombardier beetles
  4 hounds
  2 orc priests (D:3)
  2 iguanas
  A gnoll (D:1)
  4 adders
  A white imp (D:6)
  A ribbon worm (D:2)
  2 dart slugs
  5 orcs
  3 ball pythons
  7 endoplasms
  4 giant cockroaches
  5 goblins
  6 hobgoblins
  11 kobolds
  3 quokkas (D:1)
  10 bats
  10 frilled lizards
  4 rats
96 creatures vanquished.

Vanquished Creatures (others)
  An orc priest (D:5)
1 creature vanquished.

Grand Total: 97 creatures vanquished

Notes
Turn   | Place    | Note
-------+----------+-------------------------------------------
     0 | D:1      | browni3141 the Minotaur Fighter began the quest for the
                  | Orb.
     0 | D:1      | Reached XP level 1. HP: 19/19 MP: 0/0
   141 | D:1      | Reached XP level 2. HP: 24/27 MP: 1/1
   232 | D:1      | Reached skill level 3 in Axes
   315 | D:1      | Reached XP level 3. HP: 33/33 MP: 2/2
   756 | D:2      | Found Kipyfruf's Vocational Training.
   941 | D:2      | Reached XP level 4. HP: 40/40 MP: 3/3
  1284 | D:3      | Reached skill level 4 in Axes
  1307 | D:3      | Reached XP level 5. HP: 30/47 MP: 4/4
  1406 | D:3      | Found a sacrificial altar of Ru.
  1610 | D:3      | Found a sparkling altar of Nemelex Xobeh.
  1629 | D:3      | Found a radiant altar of Vehumet.
  2020 | D:4      | Noticed a black bear
  2028 | D:4      | Killed a black bear
  2029 | D:4      | Reached skill level 5 in Axes
  2218 | D:4      | Found a stormy altar of Qazlal.
  2218 | D:4      | Noticed a sky beast
  2229 | D:4      | Killed a sky beast
  2230 | D:4      | Reached skill level 5 in Fighting
  2230 | D:4      | Reached skill level 5 in Armour
  2230 | D:4      | Reached skill level 5 in Shields
  2230 | D:4      | Reached XP level 6. HP: 32/56 MP: 5/5
  2403 | D:4      | Found an ancient bone altar of Kikubaaqudgha.
  2428 | D:4      | Found a hazy altar of Hepliaklqana.
  2719 | D:4      | Found a broken altar of Ashenzari.
  2920 | D:4      | Reached skill level 6 in Axes
  3086 | D:5      | Entered Level 5 of the Dungeon
  3092 | D:5      | Reached XP level 7. HP: 61/61 MP: 6/6
  3209 | D:5      | Found a staircase to the Ecumenical Temple.
  3550 | D:6      | Noticed a wyvern
  3556 | D:6      | Killed a wyvern
  3557 | D:6      | Reached skill level 7 in Axes
  3602 | D:6      | Reached XP level 8. HP: 53/70 MP: 7/7
  3616 | Temple   | Entered the Ecumenical Temple
  3629 | Temple   | Became a worshipper of Warmaster Okawaru
  3772 | D:6      | Reached skill level 8 in Axes
  3798 | D:6      | Slain by a steam dragon

Illustrated notes

Levels and vault maps discovered:
D:1:      lemuel_arrival_muddy, layout_rooms, hangedman_feature_mirror
D:2:      layout_basic, serial_corexii_hall, corexii_hall_statues_x,
          chequers_hall_statues_y, chequers_hall_statues_y,
          nicolae_shop_vocational
D:3:      layout_rooms, vehumet_altar_wand_db, nicolae_ru_path_of_blood,
          nemelex_diamond_rough_becter
D:4:      layout_loops_corners, amcnicky_altar_gilded,
          nicolae_qazlal_beasts_of_the_sky, nzn_hepliaklqana_mist_gate,
          kiku_gazebo_pond_becter, minmay_lizard_king
D:5:      lemuel_ice_spiral_2, layout_basic, lemuel_blue_sif_altar,
          regret_index_xom_buried_treasure, minmay_temple_entry_from_below_a,
          fountainhead
D:6:      cheibrodos_steamvent, layout_rooms
Temple:   nicolae_temple_ecumenical_triangle

Skill      XL: |  1  2  3  4  5  6  7  8 |
---------------+-------------------------+-----
Axes           | 3 4 5 6 7 8 |  8.2
Fighting       | 4 5 6 |  6.5
Armour         | 4 5 6 |  6.5
Shields        | 4 5 6 |  6.5

Action                     |  1- 3 |  4- 6 |  7- 9 || total
---------------------------+-------+-------+-------++-------
  Melee: War axe           |    54 |    93 |    64 ||   211
         Headbutt          |     8 |    14 |    14 ||    36
 Armour: Scale mail        |    48 |    69 |    58 ||   175
  Dodge: Dodged            |    39 |    56 |    33 ||   128
         Repelled          |       |     2 |       ||     2
  Block: Buckler           |    19 |    20 |    23 ||    62
